 Dungeon Crawl Stone Soup version 0.25.0-1-g7eea58d2a3 (webtiles) character file.

Game seed: 13611570361715215858

8547 Exodus22XD the Scholar (level 11, 0/54 HPs)
             Began as a Deep Elf Wizard on June 12, 2020.
             Was an Elder of Sif Muna.
             Slain by a blink frog (19 damage)
             ... on level 2 of the Lair of Beasts on June 13, 2020.
             The game lasted 02:02:58 (15369 turns).

Exodus22XD the Scholar (Deep Elf Wizard)           Turns: 15369, Time: 02:02:59

Health: 0/54       AC:  6    Str:  4    XL:     11   Next: 11%
Magic:  5/27       EV: 13    Int: 27    God:    Sif Muna [****..]
Gold:   581        SH:  0    Dex: 13    Spells: 15/30 levels left

rFire    . . .     SeeInvis .   L - +3 dagger (venom)
rCold    . . .     Gourm    .   (no shield)
rNeg     . . .     Faith    .   a - +0 robe
rPois    .         Spirit   .   b - +0 hat
rElec    .         Reflect  .   w - +1 cloak
rCorr    .         Harm     .   N - +0 pair of gloves
MR       +....                  n - +0 pair of boots
Stlth    ++........             (no amulet)
HPRegen  0.18/turn              h - ring of wizardry
MPRegen  0.20/turn              (no ring)

@: no status effects
A: no striking features
a: Channel Magic, Forget Spell, Divine Exegesis, Renounce Religion


You were on level 2 of the Lair of Beasts.
You worshipped Sif Muna.
Sif Muna was greatly pleased with you.
You were very hungry.

You visited 2 branches of the dungeon, and saw 11 of its levels.
You also visited: Ossuary.

You collected 581 gold pieces.

Inventory:

Hand Weapons
 A - a +1 dagger of draining
 L - a +3 dagger of venom (weapon)
Armour
 a - a +0 robe (worn)
 b - a +0 hat (worn)
 n - a +0 pair of boots (worn)
 w - a +1 cloak (worn)
 N - a +0 pair of gloves (worn)
Magical Staves
 l - an uncursed staff of cold
Jewellery
 h - a ring of wizardry (left hand)
Wands
 k - a wand of iceblast (10)
 y - a wand of digging (5)
 C - a wand of flame (4)
 K - a wand of paralysis (8)
Scrolls
 c - 4 scrolls of enchant weapon
 e - 2 scrolls of fog
 f - 3 scrolls of fear
 g - 2 scrolls of magic mapping
 i - 6 scrolls of remove curse
 o - 3 scrolls of immolation {unknown}
 p - 2 scrolls of teleportation {unknown}
 q - 4 scrolls of blinking
 x - a scroll of enchant armour {unknown}
 B - a scroll of amnesia {unknown}
 E - a scroll of random uselessness {unknown}
 J - a scroll of acquirement {unknown}
 M - a scroll of vulnerability {unknown}
 P - a scroll of torment {unknown}
Potions
 j - a potion of lignification
 m - 8 potions of heal wounds
 r - 2 potions of haste
 s - 2 potions of flight
 t - a potion of mutation {unknown}
 u - 5 potions of curing
 v - 2 potions of stabbing {unknown}
 z - a potion of berserk rage {unknown}
 D - a potion of cancellation {unknown}
 F - a potion of ambrosia {unknown}
 G - 3 potions of might {unknown}
 H - 3 potions of resistance {unknown}
Miscellaneous
 O - a tin of tremorstones (3/3)
Comestibles
 d - 16 rations


   Skills:
 - Level 2.4 Dodging
 - Level 2.4 Stealth
 - Level 10.0 Spellcasting
 - Level 9.1 Conjurations
 - Level 4.0 Summonings
 - Level 1.1 Translocations
 - Level 7.6 Fire Magic
 - Level 4.5 Air Magic
 + Level 10.7 Invocations


You had 15 spell levels left.
You knew the following spells:

 Your Spells              Type           Power        Failure   Level  Hunger
a - Magic Dart            Conj           ####         1%          1    None
b - Call Imp              Summ           #####...     1%          2    None
c - Blink                 Tloc           N/A          1%          2    None
d - Conjure Flame         Conj/Fire      ######..     1%          3    None
e - Mephitic Cloud        Conj/Pois/Air  #####...     1%          3    None
f - Airstrike             Air            #####.....   2%          4    None

Your spell library contained the following spells:

 Spells                   Type           Power        Failure   Level  Hunger
 Corona                   Hex            ##.....      1%          1    None
 Shock                    Conj/Air       ####         1%          1    None
 Swiftness                Chrm/Air       ####....     1%          2    None
 Inner Flame              Hex/Fire       ####....     1%          3    None
 Static Discharge         Conj/Air       ######..     1%          3    None
 Slow                     Hex            ##......     2%          2    None
 Lightning Bolt           Conj/Air       ######....   2%          5    ####...
 Gell's Gravitas          Tloc           ###.......   3%          3    None
 Portal Projectile        Hex/Tloc       ###...       4%          3    None
 Confusing Touch          Hex            ##......     5%          3    None
 Cause Fear               Hex            ##........   16%         4    None
 Leda's Liquefaction      Hex/Erth       ##........   16%         4    None
 Petrify                  Tmut/Erth      ##......     16%         4    None
 Conjure Ball Lightning   Conj/Air       ######....   16%         6    #####..
 Silence                  Hex/Air        ####......   19%         5    ####...
 Blade Hands              Tmut           ##........   41%         5    ####...
 Metabolic Englaciation   Hex/Ice        ##........   41%         5    ####...
 Yara's Violent Unravell  Hex/Tmut       ##........   41%         5    ####...
 Necromutation            Tmut/Necr      ##........   100%        8    #######


Dungeon Overview and Level Annotations

Branches:
Dungeon (9/15)             Temple (0/1) D:6            Lair (2/6) D:9
  Snake (0/4) Lair:2      Ossuary (visited)
  Swamp: Lair:2-4    Shoals: Lair:2-4       Orc: D:9-12

Altars:
Cheibriados
Kikubaaqudgha
Makhleb
Okawaru
Qazlal
Ru
Sif Muna
Uskayaw
Vehumet
Yredelemnul
The Shining One

Portals:
Volcano: Lair:2

Annotations:
D:5 2 transporters, Ozzies's ghost, amateur GrFi
D:7 Maggie


Message History

The blink frog is engulfed in noxious fumes.
The blink frog appears confused.
The blink frog is engulfed in noxious fumes.
The blink frog barely misses you.
You closely miss the blink frog.
The blink frog is severely wounded.
The blink frog is engulfed in noxious fumes.
The blink frog appears confused.
The blink frog is engulfed in noxious fumes.
The blink frog appears confused.
Your crimson imp blinks!
The blink frog is engulfed in noxious fumes.
The blink frog appears confused.
The blink frog is engulfed in noxious fumes.
Your crimson imp blinks!
You barely miss the blink frog.
The blink frog is severely wounded.
The blink frog is engulfed in noxious fumes.
The blink frog appears confused.
The blink frog hits you!!
You die...

****** *####**,,,,* ##
*###....*,*,,** .#
##.......,,,,,,*
.###........,,,,,,*
.........#*,,,*****
...#...#.#*,,**###
..##.###******##@##
.....## #####○F5#****
.#....#####.#..○F##,,,**
.............#...#,,,,,*
.#....##....#...##,,,,**
.##.#.#..####..#...#,,*
###..?...#,*...###..***
*......#.,.5##.,,,#*
*#......#.#.#**.(,,**


You could see 2 blink frogs and 2 friendly crimson imps.

Vanquished Creatures
  A black mamba (Lair:1)
  A rime drake (Lair:1)
  Grinder (D:3)
  A blink frog (Lair:2)
  4 hippogriffs
  9 yaks
  A basilisk (D:9)
  A hungry ghost (D:9)
  Edmund (D:5)
  Menkaure (Ossuary)
  2 nagas (Lair:2)
  5 water moccasins
  2 porcupines (Lair:1)
  An orc warrior (D:8)
  4 ice beasts
  2 sky beasts
  A black bear (D:8)
  3 phantoms
  An ogre (D:8)
  2 centaurs
  A big kobold (D:9)
  10 bullfrogs
  A wyvern skeleton (D:6)
  3 scorpions
  A killer bee (D:6)
  3 crimson imps
  A quasit (D:9)
  5 orc priests
  A bullfrog skeleton (D:7)
  4 hounds
  3 jellies
  7 iguanas
  8 orc wizards
  9 worker ants
  2 hell rats (D:7)
  A hound skeleton (D:7)
  3 mummies (Ossuary)
  8 gnolls
  6 adders
  8 river rats (D:7)
  A shadow imp (D:7)
  2 oozes
  2 adder skeletons
  2 adder zombies
  2 worms
  2 dart slugs
  8 leopard geckos
  18 orcs
  4 ball pythons
  A bat zombie (D:2)
  5 giant cockroaches
  A gnoll zombie (Ossuary)
  6 goblins (D:1)
  9 hobgoblins
  10 jackals
  10 kobolds
  11 quokkas
  6 bats
  3 frilled lizards
  7 gnoll skeletons (Ossuary)
  5 goblin skeletons (Ossuary)
  2 goblin zombies (Ossuary)
  5 hobgoblin skeletons (Ossuary)
  3 hobgoblin zombies (Ossuary)
  A jackal skeleton (D:4)
  2 kobold skeletons (Ossuary)
  2 kobold zombies (Ossuary)
  A leopard gecko zombie (D:7)
  4 orc skeletons (Ossuary)
  6 orc zombies (Ossuary)
  A quokka skeleton (D:8)
  28 rats
  A rat skeleton (Ossuary)
  2 rat zombies (Ossuary)
302 creatures vanquished.

Vanquished Creatures (collateral kills)
  A blink frog (Lair:2)
  Eustachio (D:5)
  An orc warrior (D:9)
  A necrophage (D:5)
  A centaur (D:7)
  An ogre (D:7)
  2 killer bees (D:7)
  A crimson imp (D:7)
  3 orc wizards
  An iguana (D:7)
  A bullfrog skeleton (D:5)
  A gnoll shaman (D:7)
  A worker ant (D:4)
  2 gnolls
  5 orcs
  A gnoll zombie (Ossuary)
  A hobgoblin (D:1)
  A jackal (D:8)
  A bat (D:3)
  A goblin zombie (Ossuary)
  A hobgoblin zombie (Ossuary)
  A kobold zombie (Ossuary)
  An orc skeleton (Ossuary)
  3 orc zombies (Ossuary)
  2 rat zombies (Ossuary)
36 creatures vanquished.

Vanquished Creatures (others)
  5 plants
  4 toadstools (D:1)
9 creatures vanquished.

Grand Total: 347 creatures vanquished

Notes
Turn   | Place    | Note
-------+----------+-------------------------------------------
     0 | D:1      | Exodus22XD the Deep Elf Wizard began the quest for the Orb.
     0 | D:1      | Reached XP level 1. HP: 10/10 MP: 7/7
   127 | D:1      | Reached XP level 2. HP: 4/15 MP: 0/9
   559 | D:1      | Reached XP level 3. HP: 19/19 MP: 3/10
   563 | D:1      | Learned a level 2 spell: Call Imp
  1053 | D:1      | Learned a level 2 spell: Blink
  1057 | D:1      | Learned a level 3 spell: Conjure Flame
  1381 | D:2      | Reached XP level 4. HP: 24/24 MP: 8/12
  1724 | D:2      | Found an ancient bone altar of Kikubaaqudgha.
  1868 | D:2      | Found an iron altar of Okawaru.
  1969 | D:3      | Noticed Grinder
  2068 | D:3      | Killed Grinder
  2068 | D:3      | Reached XP level 5. HP: 13/28 MP: 1/13
  2073 | D:3      | Learned a level 3 spell: Mephitic Cloud
  2146 | D:3      | Reached skill level 1 in Fire Magic
  3642 | D:4      | Reached XP level 6. HP: 32/32 MP: 2/14
  4308 | D:5      | Entered Level 5 of the Dungeon
  4355 | D:4      | Upgraded the game from 0.25.0 to 0.25.0-1-g7eea58d2a3
  4492 | D:5      | Noticed Edmund
  4506 | D:5      | Killed Edmund
  4527 | D:5      | Noticed Eustachio
  4687 | D:5      | Killed Eustachio
  4687 | D:5      | Reached skill level 5 in Spellcasting
  4687 | D:5      | Reached XP level 7. HP: 27/34 MP: 2/16
  4885 | D:5      | Reached skill level 5 in Conjurations
  5120 | D:5      | Identified the cursed +2 trident of Maecudia {pain, rN+
                  | Int+3}
  5120 | D:5      | Identified the +1 ring mail of Morut {rF+}
  5145 | D:5      | Reached skill level 1 in Air Magic
  5215 | D:5      | Noticed Ozzies's ghost (amateur GrFi)
  5310 | D:5      | Found a transporter.
  5310 | D:5      | Found a transporter.
  5697 | D:6      | Reached XP level 8. HP: 39/39 MP: 13/20
  5911 | D:6      | Found a stormy altar of Qazlal.
  5935 | D:6      | Found a shimmering blue altar of Sif Muna.
  5956 | D:6      | Became a worshipper of Sif Muna the Loreminder
  6092 | D:6      | Reached skill level 1 in Invocations
  6254 | D:6      | Noticed a hippogriff
  6296 | D:6      | Killed a hippogriff
  6445 | D:6      | Found a staircase to the Ecumenical Temple.
  7470 | D:7      | Reached skill level 5 in Invocations
  7696 | D:7      | Reached * piety under Sif Muna
  7704 | D:7      | Noticed Maggie
  8113 | D:7      | Found a snail-covered altar of Cheibriados.
  8124 | D:7      | Found a basalt altar of Yredelemnul.
  8192 | D:7      | Reached XP level 9. HP: 39/43 MP: 19/22
  8888 | D:7      | Reached ** piety under Sif Muna
  9194 | D:7      | Learned a level 4 spell: Airstrike
  9505 | D:8      | Found a sand-covered staircase.
  9509 | Ossuary  | Entered an ossuary
  9558 | Ossuary  | Reached *** piety under Sif Muna
 10023 | Ossuary  | Noticed Menkaure
 10091 | Ossuary  | Killed Menkaure
 10612 | D:8      | Reached **** piety under Sif Muna
 11944 | D:8      | Found a glowing golden altar of the Shining One.
 12183 | D:9      | Reached skill level 10 in Spellcasting
 12190 | D:9      | Reached XP level 10. HP: 31/48 MP: 16/26
 12421 | D:9      | Noticed a +0 dagger
 12422 | D:9      | Noticed a +0 dagger
 12470 | D:9      | Reached skill level 10 in Invocations
 12622 | D:9      | Found a staircase to the Lair.
 12988 | D:9      | Found a sacrificial altar of Ru.
 13057 | D:9      | Found a hide-covered altar of Uskayaw.
 13065 | D:9      | Found a burning altar of Makhleb.
 13618 | Lair:1   | Entered Level 1 of the Lair of Beasts
 13831 | Lair:1   | Noticed a black mamba
 13840 | Lair:1   | Killed a black mamba
 13840 | Lair:1   | Reached ***** piety under Sif Muna
 13980 | Lair:1   | Reached skill level 5 in Fire Magic
 14192 | Lair:1   | Identified Sif Muna's Collected Works on Feathery
                  | Transmutation (Sif Muna gifted it to you on level 1 of the
                  | Lair of Beasts)
 14192 | Lair:1   | Received a gift from Sif Muna
 14536 | Lair:1   | Found a radiant altar of Vehumet.
 14876 | Lair:2   | Reached XP level 11. HP: 52/52 MP: 14/27
 15002 | Lair:2   | Noticed a six-headed hydra
 15143 | Lair:2   | Found a staircase to the Snake Pit.
 15338 | Lair:2   | Found a dark tunnel.
 15369 | Lair:2   | Slain by a blink frog

Illustrated notes

Levels and vault maps discovered:
D:1:      ldierk_walled_garden_2, layout_rooms, corexii_item_surrounded_by_moat
D:2:      layout_loops_ring, lemuel_doored_altar,
          lemuel_zombie_altar_kikubaaqudgha, minmay_rat_gold_closets
D:3:      layout_loops_corners, first_ration, minmay_circle_x, uniq_grinder
D:4:      layout_basic, kennysheep_generic_room_16
D:5:      layout_rooms, gammafunk_ghost_gnarly_gnolls, uniq_eustachio,
          uniq_edmund
D:6:      layout_gridville, lemuel_crystal_altar, grunt_qazlal_clouds,
          minmay_temple_entry_junction
D:7:      lemuel_ratsnest, layout_cave_pools, kennysheep_mini_moat,
          kennysheep_little_box, uniq_maggie
D:8:      layout_cave_pods, lemuel_coloured_pillars_altar, enter_ossuary_3
D:9:      layout_layer_cave, overflow_temple_1_default, dancing_weapons_uskayaw,
          nicolae_ru_great_annihilating_truth
Lair:1:   layout_roguey, basic_altar, lemuel_fruit_tree, serial_bayou_shore_b
Lair:2:   layout_misc_corridors, minmay_snake_entry_guardpost_small,
          enter_volcano_2, maelrawn_ghost_gauntlet_escape, wad_woods_road_06

Skill      XL: |  1  2  3  4  5  6  7  8  9 10 |
---------------+-------------------------------+-----
Conjurations   | 2 3 4 5 9 |  9.1
Summonings     | 4 |  4.0
Fire Magic     | 2 4 7 |  7.6
Spellcasting   | 5 6 7 10 | 10.0
Air Magic      | 3 4 |  4.5
Invocations    | 7 9 10 | 10.7
Dodging        | |  2.4
Stealth        | |  2.4
Translocations | |  1.1

Action                   |  1- 3 |  4- 6 |  7- 9 | 10-12 || total
-------------------------+-------+-------+-------+-------++-------
Melee: Unarmed           |    17 |       |       |       ||    17
       Short sword       |    13 |    22 |       |       ||    35
       Dagger            |       |     2 |   210 |    36 ||   248
       Staff             |       |       |       |     1 ||     1
 Cast: Magic Dart        |    77 |   129 |   487 |    67 ||   760
       Call Imp          |     1 |    15 |    34 |     7 ||    57
       Blink             |       |     1 |    18 |     5 ||    24
       Conjure Flame     |       |     7 |    21 |     5 ||    33
       Mephitic Cloud    |       |     2 |    39 |    10 ||    51
       Airstrike         |       |       |     5 |    62 ||    67
Invok: Channel Magic     |       |       |     1 |     2 ||     3
Evoke: Wand              |       |       |    15 |     1 ||    16
  Use: Scroll            |       |       |    10 |     4 ||    14
       Potion            |       |       |       |     1 ||     1
 Stab: Confused          |       |       |     6 |     2 ||     8
       Sleeping          |       |       |     1 |     1 ||     2
  Eat: Chunk             |     1 |    11 |    16 |     6 ||    34
       Ration            |       |       |     2 |     1 ||     3
Armor: Robe              |     8 |    10 |    44 |     5 ||    67
Dodge: Dodged            |    45 |    42 |   146 |    16 ||   249
